Map: Orbital Shipyard

Players

Sixskins

  • Race: Zerg Zerg
  • League: Diamond

LilDicky - Winner!

  • Race: Terran Terran
  • League: Diamond

VOD

http://www.twitch.tv/tumescentpie

Description

Time

  • Played on: Dec. 7, 2015, 11:25 p.m.
  • Length: 17:11
Show
View Real Time Build Order
Export as new Build Order

Sixskins Zerg 

Build Orders: Hatch First, Muta Ling Bane 

Get SALT Encoding   

  12  0:01  Drone  
  13  0:08  Drone  
  14  0:17  Overlord  
  14  0:23  Extractor  
  14  0:24  Drone  
  15  0:35  Drone x2  
  17  0:56  Drone  
  18  0:58  Hatchery  
  17  1:11  Spawning Pool  
  16  1:25  Drone  
  17  1:41  Hatchery  
  17  1:42  Drone  
  17  1:50  Drone x2  
  19  1:55  Extractor  
  19  2:01  Queen  
  20  2:09  Drone x2  
  22  2:18  Queen  
  24  2:25  Drone  
  24  2:29  Drone  
  25  2:32  Drone  
  25  2:36  Drone  
  27  2:38  Drone  
  28  2:52  Overlord  
  28  2:53  Queen  
  30  2:59  Overlord  
  30  3:06  Drone x3  
  30  3:08  Drone  
  34  3:13  Drone x2  
  34  3:17  Metabolic Boost  
  36  3:21  Drone  
  36  3:22  Drone  
  38  3:27  Drone  
  38  3:28  Drone  
  38  3:29  Drone  
  41  3:38  Overlord  
  41  3:47  Zergling x2  
  42  3:53  Lair  
  42  3:56  Queen  
  42  3:59  Overlord  
  44  4:09  Zergling x2  
  49  4:10  Zergling x10  
  49  4:15  Baneling Nest, Zergling x2  
  50  4:23  Zergling x6  
  50  4:24  Zergling x10  
  57  4:26  Overlord  
  57  4:30  Overlord  
  58  4:51  Spore Crawler  
  57  4:54  Spore Crawler  
  57  4:57  Drone x2  
  57  4:58  Drone x11, Extractor  
  68  5:00  Baneling x3  
  68  5:01  Baneling  
  68  5:06  Spine Crawler  
  65  5:19  Spore Crawler, Drone  
  65  5:20  Extractor  
  65  5:21  Drone x5  
  66  5:22  Drone x3  
  66  5:23  Overlord  
  72  5:37  Baneling Nest, Extractor  
  72  5:40  Drone x3  
  67  6:07  Drone x5  
  67  6:08  Drone x6  
  68  6:37  Centrifical Hooks  
  63  6:45  Zergling x2  
  63  6:46  Spire, Zergling x16  
  71  6:48  Baneling x2  
  71  6:49  Baneling  
  71  6:58  Zergling x4  
  71  7:00  Extractor x2  
  71  7:01  Hatchery, Spore Crawler  
  69  7:10  Hatchery  
  69  7:11  Baneling x3  
  69  7:12  Baneling x4  
  69  7:13  Zergling x8  
  69  7:14  Zergling x2  
  69  7:29  Overlord x2  
  47  7:58  Mutalisk  
  47  7:59  Mutalisk x2  
  56  8:08  Mutalisk x2  
  56  8:10  Zergling x2  
  56  8:11  Zergling x2  
  50  8:46  Mutalisk x4  
  56  8:48  Zergling x6  
  56  8:49  Zergling x2  
  58  9:02  Mutalisk  
  54  9:20  Drone  
  54  9:22  Drone x5  
  54  9:23  Queen  
  62  9:25  Queen x2  
  66  9:36  Mutalisk x2  
  70  9:39  Zergling x2  
  70  9:40  Zergling x10  
  73  9:51  Mutalisk x2  
  75  10:01  Zergling x4  
  75  10:02  Zergling x14  
  82  10:07  Hatchery  
  69  10:32  Mutalisk x4  
  67  10:38  Mutalisk  
  67  10:40  Zergling x8  
  67  10:41  Zergling x6  
  70  10:57  Mutalisk x2  
  70  10:59  Zergling x4  
  70  11:00  Zergling x8  
  80  11:17  Zergling x2  
  80  11:18  Zergling x14  
  88  11:22  Zerg Flyer Weapons Level 1, Mutalisk  
  90  11:26  Drone  
  90  11:28  Queen  
  93  11:47  Drone x2  
  93  11:48  Drone x4, Extractor  
  93  11:49  Drone x4  
  93  11:50  Overlord x3  
  93  11:51  Overlord x4  
  93  11:52  Overlord  
  102  12:08  Spore Crawler  
  91  12:10  Overseer  
  91  12:25  Mutalisk x5, Extractor  
  91  12:29  Zergling x16  
  111  12:30  Zergling x6  
  110  12:46  Roach Warren, Drone x3  
  110  12:48  Drone x3  
  115  12:56  Evolution Chamber  
  115  12:57  Evolution Chamber  
  113  13:00  Hydralisk Den  
  113  13:05  Drone x3  
  91  13:26  Roach, Zergling x8  
  91  13:27  Zergling x22  
  88  13:36  Zergling x10  
  88  13:37  Zergling x8  
  88  13:41  Roach x2  
  101  13:43  Glial Reconstitution  
  101  13:51  Zerg Melee Weapons Level 1  
  101  13:52  Zerg Ground Armor Level 1, Muscular Augments  
  77  14:21  Roach x4  
  77  14:22  Roach x8  
  77  14:23  Roach x4  
  96  14:31  Roach x4  
  96  14:32  Roach  
  96  14:35  Hydralisk  
  96  14:36  Hydralisk  
  102  14:56  Overlord  
  102  14:59  Hydralisk x3  
  102  15:00  Hydralisk x2  
  107  15:14  Hydralisk x3  
Show
View Real Time Build Order
Export as new Build Order

LilDicky Terran - Winner!

Build Orders: Mech 

Get SALT Encoding   

  12  0:01  SCV  
  13  0:13  SCV  
  14  0:17  Supply Depot  
  14  0:25  SCV  
  15  0:30  Refinery  
  15  0:39  SCV  
  16  0:51  SCV  
  16  0:55  Barracks  
  17  1:04  SCV  
  18  1:16  SCV  
  19  1:28  SCV  
  19  1:32  Supply Depot  
  20  1:40  SCV  
  20  1:41  Refinery  
  21  1:50  Marine  
  21  1:52  SCV  
  23  2:08  Orbital Command  
  23  2:16  Factory  
  23  2:29  Barracks Reactor  
  23  2:35  SCV  
  24  2:40  Command Center  
  24  2:47  SCV  
  25  2:59  SCV  
  25  3:01  Armory  
  25  3:05  Starport  
  26  3:06  Factory Tech Lab  
  26  3:09  Marine x2  
  26  3:11  SCV  
  29  3:23  SCV  
  29  3:25  Refinery  
  30  3:34  Supply Depot  
  30  3:35  SCV  
  31  3:46  Marine x2  
  31  3:47  SCV  
  34  3:52  Thor  
  34  3:54  Orbital Command  
  40  4:00  Medivac  
  42  4:03  SCV  
  43  4:11  Marine x2  
  43  4:13  Liberator  
  45  4:19  Terran Vehicle And Ship Armor Level 1, SCV  
  45  4:22  SCV  
  50  4:31  SCV  
  51  4:39  Siege Tank, Marine  
  51  4:40  Marine  
  56  4:46  SCV, Refinery  
  56  4:47  SCV  
  58  4:57  Marine  
  58  4:58  SCV, Marine  
  61  5:25  SCV  
  62  5:30  Thor, Medivac  
  62  5:35  Command Center, Supply Depot  
  70  5:57  SCV  
  71  6:03  Medivac  
  73  6:13  Siege Tank  
  76  6:29  SCV x2  
  78  6:46  Thor  
  84  6:49  SCV x2  
  84  6:51  Supply Depot, Orbital Command  
  86  6:58  Factory  
  86  7:00  Armory, Factory  
  87  7:01  SCV  
  87  7:02  SCV  
  88  7:12  Marine x2  
  88  7:14  SCV  
  88  7:15  Infernal Pre-Igniter  
  88  7:29  Thor  
  80  8:04  SCV x2  
  82  8:05  SCV  
  83  8:18  Siege Tank  
  83  8:19  Factory Reactor x2  
  86  8:22  Medivac  
  86  8:23  SCV  
  89  8:28  Supply Depot  
  89  8:29  Command Center  
  86  8:49  Thor  
  92  9:07  Orbital Command  
  86  9:21  Hellion x3  
  92  9:24  SCV x2  
  92  9:25  Engineering Bay  
  94  9:35  Hellion x2  
  98  9:42  Orbital Command  
  98  9:43  Factory x2  
  98  9:51  Supply Depot  
  95  10:03  Thor  
  95  10:04  Widow Mine  
  95  10:05  Widow Mine x3  
  95  10:06  Command Center  
  83  10:46  Thor  
  81  10:59  Hellion x4  
  81  11:03  Factory Tech Lab  
  89  11:04  Factory Tech Lab  
  89  11:17  Terran Vehicle And Ship Armor Level 2  
  89  11:19  SCV, Missile Turret  
  89  11:20  Armory  
  89  11:22  Hellion x3, Missile Turret  
  89  11:24  Missile Turret  
  89  11:25  Missile Turret  
  96  11:26  Refinery  
  96  11:27  Refinery  
  96  11:28  Missile Turret  
  96  11:30  Missile Turret  
  96  11:34  Missile Turret  
  96  11:35  Missile Turret  
  93  11:43  Missile Turret  
  93  11:46  Missile Turret  
  91  11:48  Planetary Fortress  
  91  11:53  Missile Turret  
  91  11:57  Missile Turret  
  91  11:59  Thor x2  
  91  12:00  Thor, Missile Turret  
  91  12:01  Hellion x3, Missile Turret x2  
  113  12:02  Hellion  
  117  12:13  Liberator  
  117  12:17  Missile Turret  
  121  12:23  Hellion x3  
  121  12:26  Terran Vehicle Weapons Level 1  
  121  12:27  Terran Ship Weapons Level 1  
  104  12:46  Thor x2, Hellion x3  
  122  12:56  Liberator  
  122  13:07  Refinery  
  120  13:12  Refinery  
  115  13:22  Missile Turret  
  97  13:36  Thor x3  
  97  13:37  Hellion, Widow Mine x3  
  97  13:38  SCV, Liberator  
  124  13:46  Missile Turret  
  124  13:48  Command Center  
  124  13:58  Widow Mine  
  129  14:12  Refinery  
  127  14:17  Hellion x3, Refinery  
  127  14:19  Thor, Hellion x2  
  135  14:27  Hellion  
  125  14:38  Hellion  
  125  14:39  Hellion x2  
  125  14:40  Thor x2  
  143  14:48  Hellion  
  145  15:04  Command Center  
  145  15:18  Thor  
  145  15:19  Hellion x4  
  159  15:24  Hellion  
  161  15:34  Planetary Fortress  
  161  15:35  Missile Turret  
  161  15:40  Thor, Missile Turret  
  161  15:41  Hellion  
Tags
 
Add a new tag
Caveats
  • Supply blocks, unpowered buildings, or Contaminate may cause inaccurate times.
  • Supply counts are checked every 10 seconds.